 Dungeon Crawl Stone Soup version 0.20-a0-350-ga83eecc (webtiles) character file.

614 snakesoul the Skirmisher (level 7, 0/62 HPs)
             Began as a Minotaur Fighter on Dec 23, 2016.
             Was an Initiate of Cheibriados.
             Slain by a gnoll
             ... wielding a +0 halberd
              (3 damage)
             ... on level 5 of the Dungeon.
             The game lasted 00:05:53 (3366 turns).

snakesoul the Skirmisher (Minotaur Fighter)         Turns: 3366, Time: 00:05:54

Health: 0/62       AC:  8    Str: 21    XL:     7   Next: 20%
Magic:  6/6        EV:  8    Int:  6    God:    Cheibriados [......]
Gold:   272        SH: 10    Dex: 13    Spells: 6/6 levels left

rFire  . . .     SeeInvis .     a - +0 long sword
rCold  . . .     Gourm    .     b - +0 scale mail
rNeg   . . .     Faith    +     c - +0 shield
rPois  +         Spirit   .     (helmet restricted)
rElec  .         Reflect  .     r - +0 cloak
rCorr  .         Harm     .     (no gloves)
MR     .....                    (no boots)
Stlth  ..........               j - amulet of faith
                                (no ring)
                                d - ring of poison resistance

@: very slow
A: retaliatory headbutt, horns 2
a: Bend Time, Renounce Religion


You were on level 5 of the Dungeon.
You worshipped Cheibriados.
Cheibriados was noncommittal.
You were not hungry.

You visited 2 branches of the dungeon, and saw 6 of its levels.

You collected 272 gold pieces.

Inventory:

Hand Weapons
 a - a +0 long sword (weapon)
Armour
 b - a +0 scale mail (worn)
 c - a +0 shield (worn)
 r - a +0 cloak (worn)
Jewellery
 d - a ring of poison resistance (left hand)
 j - an amulet of faith (around neck)
Scrolls
 e - 7 scrolls of remove curse {unknown}
 i - 4 scrolls of identify {unknown}
 k - 2 scrolls of magic mapping {unknown}
 n - 2 scrolls of fog {unknown}
 o - a scroll of enchant weapon {unknown}
 q - 2 scrolls of immolation {unknown}
 s - 6 scrolls of teleportation {unknown}
 t - a scroll of amnesia {unknown}
 u - 2 scrolls of recharging {unknown}
 y - a scroll of noise {unknown}
 C - a scroll of blinking {unknown}
Potions
 l - 2 potions of heal wounds {unknown}
 m - a potion of curing {unknown}
 v - a potion of flight {unknown}
 w - 2 potions of degeneration {unknown}
 x - a potion of agility {unknown}
 z - 3 potions of brilliance {unknown}
 B - a potion of mutation {unknown}
Comestibles
 f - 4 bread rations
 g - 2 slices of pizza
 h - 4 meat rations
 p - a beef jerky
 A - a chunk of flesh


   Skills:
 + Level 5.9 Fighting
 + Level 5.2 Long Blades
 + Level 5.9 Armour
 + Level 5.8 Shields


You had 6 spell levels left.
You didn't know any spells.

Dungeon Overview and Level Annotations

Branches:
Dungeon (5/15)             Temple (1/1) D:5

Altars:
Cheibriados
Fedhas
Ru

Shops:
D:5 [


Innate Abilities, Weirdness & Mutations

You reflexively headbutt those who attack you in melee.
You have a pair of horns on your head.


Message History

You block the gnoll's attack. The gnoll hits you with a halberd!
* * * LOW HITPOINT WARNING * * *
Things that are here:
a halberd; a gnoll corpse You hit the gnoll.
The gnoll is moderately wounded.
The gnoll hits you with a halberd.
* * * LOW HITPOINT WARNING * * *
You hit the gnoll. Your headbutt misses the gnoll.
The gnoll is heavily wounded.
The gnoll hits you with a halberd.
* * * LOW HITPOINT WARNING * * *
You hit the gnoll.
The gnoll is severely wounded.
You block the gnoll's attack.
You barely miss the gnoll.
The gnoll is severely wounded.
The gnoll hits you with a halberd.
You die...

###..##.#.# ######.#.##.# #.
#....##.#(###............. #.
#.#...........####.#.##.###
#. #...########### #..... #
#. ##.## ###.##### #. #.#
###### #.......# #. #.#
#..... ##.#...#.#####. #.##
#.....###....?......... #..#
#....g@))†............. ##.#
#.....###.............. #.#
#..... #..#......####. #.#
###### #.........# #.. #.#
####...#### #.. #.# #...# #..
#.# ####...# ##. #.#
#.....########.
#.#############.####.........


You could see a gnoll.

Vanquished Creatures
  An ogre (D:4)
  A scorpion (D:4)
  2 crimson imps (D:5)
  A centaur skeleton (D:4)
  A bullfrog skeleton (D:4)
  An orc priest (D:4)
  An orc wizard (D:4)
  Ijyb (D:2)
  An iguana (D:5)
  A worker ant (D:4)
  3 gnolls (D:5)
  7 adders
  A shadow imp (D:5)
  An ooze (D:5)
  An adder zombie (D:5)
  4 worms
  2 dart slugs
  3 leopard geckos
  6 orcs
  A ball python (D:5)
  7 giant cockroaches
  4 goblins
  11 hobgoblins
  15 jackals
  4 kobolds (D:3)
  2 quokkas
  8 bats
  2 frilled lizards
  A leopard gecko skeleton (D:4)
  A leopard gecko zombie (D:5)
  6 rats
101 creatures vanquished.

Notes
Turn   | Place    | Note
-------+----------+-------------------------------------------
     0 | D:1      | snakesoul the Minotaur Fighter began the quest for the Orb.
     0 | D:1      | Reached XP level 1. HP: 19/19 MP: 0/0
   197 | D:1      | Reached XP level 2. HP: 27/27 MP: 1/1
   694 | D:2      | Reached XP level 3. HP: 27/33 MP: 2/2
   830 | D:2      | Noticed Ijyb
   841 | D:2      | Killed Ijyb
   841 | D:2      | Reached XP level 4. HP: 38/40 MP: 3/3
  1986 | D:4      | Reached XP level 5. HP: 45/47 MP: 4/4
  2112 | D:4      | Reached skill level 5 in Fighting
  2112 | D:4      | Reached skill level 5 in Armour
  2112 | D:4      | Reached skill level 5 in Shields
  2317 | D:4      | Reached XP level 6. HP: 6/56 MP: 5/5
  2976 | D:5      | Entered Level 5 of the Dungeon
  3099 | D:5      | Reached skill level 5 in Long Blades
  3124 | D:5      | Found Uloppate's Armour Shoppe.
  3154 | D:5      | Found a staircase to the Ecumenical Temple.
  3174 | Temple   | Entered the Ecumenical Temple
  3198 | Temple   | Became a worshipper of Cheibriados the Contemplative
  3262 | D:5      | Reached XP level 7. HP: 62/62 MP: 6/6
  3364 | D:5      | HP: 3/62 [gnoll/halberd (5)]
  3366 | D:5      | Slain by a gnoll

Vault maps used:
D:1:      minmay_arrival_radiant_lines, columned_hall_lemuel
D:2:      first_bread, minmay_pentomino_w4, uniq_iyjb
D:5:      serial_shops, shop, uniq_edmund
Temple:   cyrus_temple_forest

Skill      XL: |  1  2  3  4  5  6 |
---------------+-------------------+-----
Shields        | 4 5 |  5.8
Armour         | 4 5 |  5.9
Fighting       | 4 5 |  5.9
Long Blades    | 3 4 5 |  5.2

Action                   |  1- 3 |  4- 6 |  7- 9 || total
-------------------------+-------+-------+-------++-------
Melee: Long sword        |    76 |   155 |    36 ||   267
       Headbutt          |    11 |    30 |     6 ||    47
  Use: Potion            |       |     1 |       ||     1
  Eat: Chunk             |       |     8 |       ||     8
Armor: Scale mail        |    34 |    70 |    11 ||   115
Dodge: Dodged            |    27 |    36 |    15 ||    78
Block: Shield            |    47 |    81 |    24 ||   152
       Rpst.: Long sword |     5 |    10 |     3 ||    18
